 Dungeon Crawl Stone Soup version 0.29.1-15-g9cfb28693d (webtiles) character file.

Game seed: 5310646693126584389

127 croobank the Chiller (level 5, 0/37 HPs)
             Began as a Gnoll Ice Elementalist on Apr 25, 2023.
             Was a Believer of Kikubaaqudgha.
             Slain by a phantom (7 damage)
             ... on level 3 of the Dungeon.
             The game lasted 00:07:17 (2331 turns).

croobank the Chiller (Gnoll Ice Elementalist)       Turns: 2331, Time: 00:07:17

Health: 0/37       AC:  5    Str:  7    XL:     5   Next: 11%
Magic:  1/12       EV: 13    Int: 18    God:    Kikubaaqudgha [**....]
Gold:   200        SH:  0    Dex: 13    Spells: 10/14 levels left

rFire   + . .      SeeInvis .   r - staff of cold
rCold   + + .      Faith    .   (no shield)
rNeg    . . .      Spirit   .   c - +0 robe {rC+ rF+}
rPois   .          Reflect  .   k - +2 helmet of the Lair of Beasts {Int+2}
rElec   .          Harm     .   (no cloak)
rCorr   .          Rampage  .   (no gloves)
Will    .....                   (no boots)
Stlth   +++.......              (no amulet)
HPRegen 0.12/turn               (no ring)
MPRegen 0.13/turn               (no ring)

@: attractive, flying
A: fangs 1, strong nose, distributed training
a: Renounce Religion, Unearth Wretches


You were on level 3 of the Dungeon.
You worshipped Kikubaaqudgha.
Kikubaaqudgha was pleased with you.
You visited 1 branch of the dungeon, and saw 3 of its levels.

You collected 200 gold pieces.

Inventory:

Hand Weapons
 j - a +0 mace
 p - a +0 hand axe of electrocution
 q - a +0 flail
Missiles
 e - 6 poisoned darts
Armour
 c - a +0 robe of resistance (worn)
 d - a +0 kite shield
 k - the +2 helmet of the Lair of Beasts (worn) {Int+2}
   (You found it on level 2 of the Dungeon)

   Int:       It affects your intelligence (+2).
 u - a +0 ring mail
Magical Staves
 r - a staff of cold (weapon)
Jewellery
 h - a +6 ring of intelligence
Wands
 s - a wand of polymorph (7)
Scrolls
 f - 3 scrolls of identify
 i - a scroll of teleportation {unknown}
 m - a scroll of fog {unknown}
 n - a scroll of fear {unknown}
 t - 2 scrolls of noise {unknown}
Potions
 a - a potion of resistance
 g - a potion of attraction
 l - a potion of flight
 o - 3 potions of curing {unknown}


   Skills:
 + Level 1.4 Fighting
 + Level 1.4 Short Blades
 + Level 1.4 Long Blades
 + Level 1.4 Axes
 + Level 1.4 Maces & Flails
 + Level 1.4 Polearms
 + Level 1.4 Staves
 + Level 1.4 Ranged Weapons
 + Level 1.4 Throwing
 + Level 1.4 Armour
 + Level 4.7 Dodging
 + Level 4.4 Stealth
 + Level 1.4 Shields
 + Level 1.4 Unarmed Combat
 + Level 5.2 Spellcasting
 + Level 1.1 Conjurations
 + Level 1.1 Hexes
 + Level 1.1 Summonings
 + Level 1.1 Necromancy
 + Level 1.1 Translocations
 + Level 1.1 Transmutations
 + Level 1.1 Fire Magic
 + Level 7.2 Ice Magic
 + Level 1.1 Air Magic
 + Level 1.1 Earth Magic
 + Level 1.1 Poison Magic
 + Level 1.6 Invocations
 + Level 1.4 Evocations


You had 10 spell levels left.
You knew the following spells:

 Your Spells              Type           Power      Damage    Failure   Level
a - Freeze                Ice            100%       1d11      1%          1
b - Frozen Ramparts       Ice            90%        1d14      1%          3

Your spell library contained the following spells:

 Spells                   Type           Power      Damage    Failure   Level
 Ozocubu's Armour         Ice            45%        N/A       1%          3
 Necrotise                Necr           32%        1d5       9%          1
 Sublimation of Blood     Necr           8%         N/A       12%         2
 Hailstorm                Conj/Ice       29%        3d8       24%         4
 Anguish                  Hex/Necr       4%         N/A       63%         4
 Animate Dead             Necr           8%         N/A       63%         4


Dungeon Overview and Level Annotations

Branches:
Dungeon (3/15)

Altars:
Kikubaaqudgha
Nemelex Xobeh

Annotations:
D:2 Terence


Innate Abilities, Weirdness & Mutations

You have very sharp teeth.
Your uncanny sense of smell can sniff out nearby items.
Your experience applies equally to all skills.


Message History

The orc is almost dead.
The wall freezes the orc!
You kill the orc!
Kikubaaqudgha accepts your kill.
You hear a splash. x2
The orc hits you but does no damage.
The wall freezes the phantom but does no damage.
The phantom closely misses you.
Casting: Freeze (safe; 1% risk of failure)
Confirm with . or Enter, or press ? or * to list all spells.
You don't have enough magic to cast this spell.
As you read the scroll labelled KINETHEUFE, it crumbles to dust.
You feel aware of your surroundings.
It was a scroll of magic mapping.
The orc hits you from afar with a +0 trident!
The phantom resists.
The wall freezes the phantom.
The phantom misses you. The orc closely misses you.
As you read the scroll labelled YCVIMUA QIOL, it crumbles to dust.
It is a scroll of identify.
a - a potion of resistance The wall freezes the orc!
You kill the orc!
Kikubaaqudgha accepts your kill.
You hear a splash. x2
The orc misses you.
The phantom resists.
The wall freezes the phantom.
The phantom hits you.
* * * LOW HITPOINT WARNING * * *
The phantom blinks!
You blink.
The frozen ramparts melt away as you move.
Splash!
It was a potion of attraction.
You feel attractive to monsters. The phantom hits you.
* * * LOW HITPOINT WARNING * * *
The orc is attracted toward you. x2
It was a potion of flight.
You feel very buoyant.
You fly up into the air.
The orc hits you but does no damage. The phantom hits you!
You die...
Kikubaaqudgha rasps: "You have failed me!
Welcome... death!"

......## *,,,,,********,,*
......# *,,,*##~~~~~~**,*
####### *,,*#~~~..,,~~***
***#~~...,,,,~~* ##
*~~...,*,,,,~* .####
##~..♣**,♣,,,~*
....############~~..♣,,.♣,,,~*
###.....).#....#~...♣∆♣.♣,,,~*
# #######.#....#@o..♣...*,,~~*
####### #.#.[..'W...♣.♣♣♣.,~**
......###......#o.o..♣....~~*
...............#~).§.....~~**
......#####....##~§....~~~**
......# #.....##~~~~~~##*
......# #......########
......# #......# ....>.#
########


You could see a phantom and 3 orcs.

Vanquished Creatures
  Robin (D:2)
  6 adders
  7 orcs (D:3)
  5 ball pythons
  4 endoplasms
  4 hobgoblins
  4 jackals
  2 quokkas (D:3)
  2 bats
  10 goblins (D:2)
  5 kobolds
  2 rats (D:3)
52 creatures vanquished.

Notes
Turn   | Place    | Note
-------+----------+-------------------------------------------
     0 | D:1      | croobank the Gnoll Ice Elementalist began the quest for the
                  | Orb.
     0 | D:1      | Reached XP level 1. HP: 13/13 MP: 6/6
   252 | D:1      | Found a faded altar of an unknown god.
   274 | D:1      | Prayed at the altar of an unknown god.
   274 | D:1      | Became a worshipper of Kikubaaqudgha
   274 | D:1      | Reached * piety under Kikubaaqudgha
   274 | D:1      | Received a gift from Kikubaaqudgha
   571 | D:1      | Reached XP level 2. HP: 19/19 MP: 5/7
   890 | D:2      | Identified the +2 helmet of the Lair of Beasts {Int+2}
  1108 | D:2      | Reached skill level 5 in Spellcasting
  1108 | D:2      | Reached XP level 3. HP: 24/25 MP: 2/9
  1239 | D:2      | Reached skill level 1 in Invocations
  1243 | D:2      | Noticed Robin
  1253 | D:2      | Killed Robin
  1254 | D:2      | Reached skill level 1 in Fighting
  1254 | D:2      | Reached skill level 1 in Short Blades
  1254 | D:2      | Reached skill level 1 in Long Blades
  1254 | D:2      | Reached skill level 1 in Axes
  1254 | D:2      | Reached skill level 1 in Maces & Flails
  1254 | D:2      | Reached skill level 1 in Polearms
  1254 | D:2      | Reached skill level 1 in Staves
  1254 | D:2      | Reached skill level 1 in Ranged Weapons
  1254 | D:2      | Reached skill level 1 in Throwing
  1254 | D:2      | Reached skill level 1 in Armour
  1254 | D:2      | Reached skill level 1 in Shields
  1254 | D:2      | Reached skill level 1 in Unarmed Combat
  1254 | D:2      | Reached skill level 1 in Evocations
  1261 | D:2      | Reached XP level 4. HP: 22/32 MP: 1/11
  1351 | D:2      | Learned a level 3 spell: Frozen Ramparts
  1467 | D:2      | Noticed Terence
  1550 | D:2      | Reached ** piety under Kikubaaqudgha
  1728 | D:3      | Reached skill level 1 in Conjurations
  1728 | D:3      | Reached skill level 1 in Hexes
  1728 | D:3      | Reached skill level 1 in Summonings
  1728 | D:3      | Reached skill level 1 in Necromancy
  1728 | D:3      | Reached skill level 1 in Translocations
  1728 | D:3      | Reached skill level 1 in Transmutations
  1728 | D:3      | Reached skill level 1 in Fire Magic
  1728 | D:3      | Reached skill level 1 in Air Magic
  1728 | D:3      | Reached skill level 1 in Earth Magic
  1728 | D:3      | Reached skill level 1 in Poison Magic
  1769 | D:3      | Found a faded altar of an unknown god.
  1772 | D:3      | Found a sparkling altar of Nemelex Xobeh.
  2116 | D:3      | Reached XP level 5. HP: 36/37 MP: 7/12
  2312 | D:3      | Noticed a phantom
  2331 | D:3      | Slain by a phantom

Illustrated notes

Levels and vault maps discovered:
D:1:      spicycebolla_arrival_xxxplode, layout_rooms,
          hellmonk_ecumenical_altar_lost_god, chequers_serial_rivers_room_a,
          minmay_misc_feat_hallway, chequers_avenue
D:2:      layout_rooms, uniq_robin, uniq_terence
D:3:      layout_rooms, nicolae_overflow_ecumenical_swirl,
          minmay_misc_feat_pillars, minmay_misc_feat_cross, kennysheep_potato

Skill      XL: |  1  2  3  4 |
---------------+-------------+-----
Spellcasting   | 5 |  5.2
Invocations    | 1 |  1.6
Fighting       | 1 |  1.4
Short Blades   | 1 |  1.4
Long Blades    | 1 |  1.4
Axes           | 1 |  1.4
Maces & Flails | 1 |  1.4
Polearms       | 1 |  1.4
Staves         | 1 |  1.4
Ranged Weapons | 1 |  1.4
Throwing       | 1 |  1.4
Armour         | 1 |  1.4
Shields        | 1 |  1.4
Unarmed Combat | 1 |  1.4
Evocations     | 1 |  1.4
Conjurations   | 1 |  1.1
Hexes          | 1 |  1.1
Summonings     | 1 |  1.1
Necromancy     | 1 |  1.1
Translocations | 1 |  1.1
Transmutations | 1 |  1.1
Fire Magic     | 1 |  1.1
Air Magic      | 1 |  1.1
Earth Magic    | 1 |  1.1
Poison Magic   | 1 |  1.1
Dodging        | |  4.7
Stealth        | |  4.4
Ice Magic      | |  7.2

Action                   |  1- 3 |  4- 6 || total
-------------------------+-------+-------++-------
Melee: Unarmed           |     5 |       ||     5
       Mace              |     5 |    14 ||    19
       Bite              |     1 |       ||     1
       Staff             |       |     9 ||     9
 Cast: Freeze            |    38 |    16 ||    54
       Frozen Ramparts   |       |    14 ||    14
  Use: Potion            |     1 |     2 ||     3
       Scroll            |       |     2 ||     2
 Stab: Sleeping          |     3 |     1 ||     4
Armor: Robe              |    12 |    29 ||    41
Dodge: Dodged            |    34 |    66 ||   100
